cohdb
Replays
Latest Replays
All Replays
Popular Replays
Top Player Replays
Match Explorer
How It Works
Community
CoH3 Stats
Reddit
Sign in to upload your games and track your stats! →
Sign in with Steam
Match 28505904
Unlisted
Match 28505904
Overview
Messages
Build Orders
End
Construct Infanterie Kompanie
Selects Breakthrough Battlegroup
Pioneer Squad
Grenadier Squad
MG 42 Machine Gun Team
Grenadier Squad
Medical Station
MG 42 Machine Gun Team
Construct Luftwaffe Kompanie
Selects 2.5-tonne Cargo Truck
2.5-tonne Cargo Truck
Selects Assault Grenadiers
Jäger Squad
Luftwaffe Officer Quarters
Construct Panzer Kompanie
Selects Blitzkrieg
Jäger Squad
Sturmpanzer IV Brummbär
Panzer IV Medium Tank
Panzer Officer Quarters
Repair Bunker
Selects Tiger Heavy Tank
Selects Smoke Bombing Run
MG 42 Bunker
Tiger Heavy Tank
Support Elements
Wirbelwind Flakpanzer
Selects Incendiary Bombing Run
新手只手虐狗
Wrathment
0
0
Comments
sign in to comment!
No comments posted yet!